 Dungeon Crawl Stone Soup version 0.31-a0-233-g139696dc86 (webtiles) character file.

Game seed: 16776052412072339080

221 Demosthentine the Poker (level 5, 41/41 HPs)
             Began as a Demonspawn Gladiator on July 8, 2023.
             Got out of the dungeon alive.
             The game lasted 00:01:45 (1806 turns).

Demosthentine the Poker (Demonspawn Gladiator)      Turns: 1806, Time: 00:01:45

Health: 41/41      AC:  5    Str: 16    XL:     5   Next: 65%
Magic:  5/5        EV: 13    Int: 10    God:
Gold:   102        SH:  0    Dex: 14    Spells: 4/4 levels left

rFire   . . .        a - +0 trident
rCold   . . .        (no shield)
rNeg    . . .        b - +0 leather armour
rPois   .            c - +0 helmet
rElec   .            (no cloak)
rCorr   .            g - +0 pair of gloves
SInv    .            (no boots)
Will    .....        (no amulet)
Stlth   +            (no ring)
HPRegen 0.26/turn    (no ring)
MPRegen 0.18/turn

%: no passive effects
@: no status effects
A: claws 1, magic regeneration, sturdy frame 1
a: no special abilities


You escaped.
You visited 1 branch of the dungeon, and saw 3 of its levels.

You collected 102 gold pieces.

Inventory:

Hand Weapons
 a - a +0 trident (weapon)
Missiles
 d - 3 throwing nets (quivered)
 e - a javelin
 m - 6 datura-tipped darts
Armour
 b - a +0 leather armour (worn)
 c - a +0 helmet (worn)
 g - a +0 pair of gloves (worn)
Jewellery
 n - a ring of see invisible
Wands
 i - a wand of mindburst (3)
Scrolls
 p - a scroll of identify
Potions
 f - a potion of lignification
 h - 3 potions of curing {unknown}
 j - 2 potions of berserk rage {unknown}
 k - a potion of enlightenment
 l - 2 potions of might
 o - a potion of heal wounds {unknown}
 q - a potion of mutation {unknown}


   Skills:
 + Level 3.3 Fighting
 + Level 3.7 Polearms
 - Level 1.7 Throwing
 + Level 2.4 Armour
 + Level 3.6 Dodging


You had 4 spell levels left.
You didn't know any spells.
Your spell library contained the following spells:

 Spells                   Type           Power      Damage    Failure   Level
 Cigotuvi's Dreadful Rot  Necr/Pois/Air  0%         N/A       52%         2
 Dispel Undead            Necr           0%         3d6       98%         4
 Death Channel            Necr           0%         N/A       100%        6


Dungeon Overview and Level Annotations

Branches:
Dungeon (3/15)

Altars:
Cheibriados
Wu Jian


Innate Abilities, Weirdness & Mutations

You have sharp fingernails.
You regenerate magic rapidly.
Your movements are slightly less encumbered by armour. (ER -2)


Message History

No target in view!
No target in view!
No target in view!
p - a scroll of identify
Found a stone staircase leading down.
q - a murky inky potion A goblin comes into view.
It is wielding a +0 dagger.
The goblin shouts!
You closely miss the goblin. The goblin barely misses you.
You barely miss the goblin. The goblin hits you but does no damage.
You hit the goblin.
The goblin is moderately wounded.
The goblin barely misses you.
You hit the goblin.
The goblin is severely wounded.
The goblin hits you but does no damage. x2
You puncture the goblin!
You kill the goblin!
No target in view!
(D) Dungeon
Where to? (Enter - D:1, ? - help)
What level of the Dungeon? (default 1, ? - help)
There is a stone staircase leading up here.
You climb upwards.
There is a stone staircase leading down here.
There is a stone staircase leading up here.
You climb upwards.
There is a stone staircase leading down here.
Press: ? - help, . - travel You can't see that place. [a staircase leading out of the dungeon.]
You see here a +0 long sword.
As you open the door, it creaks loudly!
You can't go up here!
Okay, then.
There is an open door here.
There is a staircase leading out of the dungeon here.
Okay, then.
Are you sure you want to leave the Dungeon?
This will make you lose the game!
You have escaped!

##..#.####.##...# ####
##..#.####.##...# ####
....#...........# ####
###.####.#.###.## ####
###.# #.#.###.# ###.
.##.####....##.############
###.
.##.......#..........)....#
###.
.##.#####'###############.#
###. .##.............@#
######.######.
.####.......######
#............. .#
##..#..##.# #.####.######.
.######...###.######.#
#.#####.)
......##.##.(........#
#........
.###########...#######
#######.. .# #........# ##.
.# ##.###...# #. ##
#.####### #.


There were no monsters in sight!

Vanquished Creatures
  Sigmund (D:3)
  A worm (D:2)
  A dart slug (D:1)
  7 endoplasms
  4 giant cockroaches
  5 goblins
  2 hobgoblins
  3 jackals (D:2)
  2 kobolds (D:1)
  A quokka (D:1)
  7 ball pythons
  3 bats (D:1)
  7 rats
44 creatures vanquished.

Notes
Turn   | Place    | Note
-------+----------+-------------------------------------------
     0 | D:1      | Demosthentine the Demonspawn Gladiator began the quest for
                  | the Orb.
     0 | D:1      | Reached XP level 1. HP: 16/16 MP: 1/1
    88 | D:1      | Gained mutation: Your movements are slightly less
                  | encumbered by armour. (ER -2) [demonic ancestry]
    88 | D:1      | Reached XP level 2. HP: 10/22 MP: 2/2
   361 | D:1      | Reached skill level 1 in Armour
   795 | D:2      | Found a snail-covered altar of Cheibriados.
   818 | D:2      | Gained mutation: You regenerate magic rapidly. [demonic
                  | ancestry]
   818 | D:2      | Reached XP level 3. HP: 26/28 MP: 3/3
  1481 | D:3      | Found a snail-covered altar of Cheibriados.
  1523 | D:3      | Noticed Sigmund
  1530 | D:3      | Killed Sigmund
  1531 | D:3      | Gained mutation: You have sharp fingernails. [demonic
                  | ancestry]
  1531 | D:3      | Reached XP level 4. HP: 26/35 MP: 4/4
  1531 | D:3      | Reached XP level 5. HP: 30/41 MP: 5/5
  1661 | D:3      | Found an ornate altar of the Wu Jian Council.
  1806 | D:$      | Got out of the dungeon alive.

Illustrated notes

Levels and vault maps discovered:
D:1:      amcnicky_arrival_feature_with_door, layout_loops_ring
D:2:      layout_loops_ring, basic_altar, kennysheep_generic_room_9
D:3:      layout_basic, lemuel_tele_altar, elyvilon_altar_3,
          nicolae_wu_jian_wuxing_cycle, shapermc_ecumenical_altar_totnotflames,
          uniq_grinder, uniq_sigmund

Skill      XL: |  1  2  3 |
---------------+----------+-----
Armour         | 1 2 |  2.4
Dodging        | 3 |  3.6
Polearms       | 3 |  3.7
Fighting       | 3 |  3.3
Throwing       | |  1.7

Action                     |  1- 3 |  4- 6 || total
---------------------------+-------+-------++-------
  Melee: Trident           |   118 |    18 ||   136
    Use: Scroll            |     5 |       ||     5
   Stab: Sleeping          |     5 |       ||     5
 Armour: Leather armour    |    23 |     6 ||    29
  Dodge: Dodged            |    56 |     8 ||    64

Table legend: (Time is in decaauts)
 A = Elapsed time spent in this place.
 B = Non-inter-level travel time spent in this place.
 C = Inter-level travel time spent in this place.
 D = Time resting spent in this place.
 E = Time spent auto-exploring this place.
 F = Levels seen in this place.
 G = Mean time per level.
                   A        B        C        D        E       F      G
               +--------+--------+--------+--------+--------+-----+--------+
         Total |   1826 |   1737 |     89 |      0 |   1384 |   3 |  608.7 |
       Dungeon |   1826 |   1737 |     89 |      0 |   1384 |   3 |  608.7 |
               +--------+--------+--------+--------+--------+-----+--------+

Top non-repeatable levels by time:
     D:1: 833 daAuts
     D:2: 728 daAuts
     D:3: 264 daAuts
